TOP OF THE 1ST |
Birmingham Barons batting - Pitching for Wisconsin Timber Rattlers : LHP Jamie Lawson
|
Pitching: LHP Jamie Lawson
|
|
Batting: SHB Anastasio Ortíz
|
0-0: Called Strike 0-1: Ball 1-1: Ball 2-1: Ball 3-1: SINGLE (Groundball, 6D)
|
Batting: LHB John Haney
|
0-0: Ball 1-0: Ball Wild Pitch! Anastasio Ortíz to second 2-0: Fly out, F7 (Flyball, 8LS)
|
Batting: RHB Jean-Paul St-Pierre
|
0-0: Called Strike 0-1: Ball 1-1: Ball 2-1: 2-RUN HOME RUN (Flyball, 89XD), Distance : 407 ft
|
Batting: RHB Eric Johnson
|
0-0: Ball 1-0: Ball 2-0: Swinging Strike 2-1: SINGLE (Line Drive, 34)
|
Batting: RHB Manny Sánchez
|
0-0: Ball 1-0: Foul Ball, location: 2F 1-1: Ball 2-1: Ball 3-1: Foul Ball, location: 2F 3-2: Fly out, F2 (Popup, 2RF)
|
Batting: RHB Júlio Pacheco
|
0-0: Ball Eric Johnson is caught stealing 2nd base
|
Top of the 1st over - 2 run(s), 3 hit(s), 0 error(s), 0 left on base; Birmingham 2 - Wisconsin 0 |
BOTTOM OF THE 1ST |
Wisconsin Timber Rattlers batting - Pitching for Birmingham Barons : RHP Jorge Salazar
|
Pitching: RHP Jorge Salazar
|
|
Batting: LHB Marv Walker
|
0-0: Foul Ball, location: 2F 0-1: Ball 1-1: Called Strike 1-2: Strikes out swinging
|
Batting: RHB Koin Tanaka
|
0-0: Foul Ball, location: 2F 0-1: Ball 1-1: Ball 2-1: Ball 3-1: Swinging Strike 3-2: Strikes out swinging
|
Batting: RHB Murdoch Norton
|
0-0: Ball 1-0: Foul Ball, location: 2F 1-1: Ball 2-1: Ball 3-1: Base on Balls
|
Batting: RHB Alfredo Padilla
|
0-0: Ball Wild Pitch! Murdoch Norton to second 1-0: Foul Ball, location: 2F 1-1: Ground out 6-3 (Groundball, 6)
|
Bottom of the 1st over - 0 run(s), 0 hit(s), 0 error(s), 1 left on base; Birmingham 2 - Wisconsin 0 |
TOP OF THE 2ND |
Birmingham Barons batting - Pitching for Wisconsin Timber Rattlers : LHP Jamie Lawson
|
Batting: RHB Júlio Pacheco
|
0-0: Foul Ball, location: 2F 0-1: Ball 1-1: Ball 2-1: Foul Ball, location: 2F 2-2: Ball 3-2: Base on Balls
|
Batting: RHB Ingo Backx
|
0-0: Called Strike 0-1: Foul Ball, location: 2F 0-2: SINGLE (Line Drive, 7S) Júlio Pacheco to second
|
Batting: RHB Juan Jiménez
|
0-0: Called Strike 0-1: Ball 1-1: Ground out 5-3 (Groundball, 56S) Júlio Pacheco to third Ingo Backx to second
|
Batting: RHB David Raymos
|
0-0: Swinging Strike 0-1: Ball 1-1: Ground out 5-3 (Groundball, 56) Júlio Pacheco scores
|
Batting: SHB Anastasio Ortíz
|
0-0: Ball 1-0: Foul Ball, location: 2F 1-1: Ball 2-1: Foul Ball, location: 2F 2-2: Ball 3-2: Base on Balls
|
Batting: LHB John Haney
|
0-0: Ball 1-0: Ball 2-0: Foul Ball, location: 2F 2-1: Swinging Strike 2-2: Strikes out looking
|
Top of the 2nd over - 1 run(s), 1 hit(s), 0 error(s), 2 left on base; Birmingham 3 - Wisconsin 0 |
BOTTOM OF THE 2ND |
Wisconsin Timber Rattlers batting - Pitching for Birmingham Barons : RHP Jorge Salazar
|
Batting: LHB Tony Ortíz
|
0-0: Ball 1-0: Ground out 4-3 (Groundball, 4)
|
Batting: RHB Vicente Vélez
|
0-0: Called Strike 0-1: Foul Ball, location: 2F 0-2: Ball 1-2: Fly out, F7 (Flyball, 7S)
|
Batting: RHB António Pérez
|
0-0: Ball 1-0: SOLO HOME RUN (Flyball, 7LD), Distance : 332 ft
|
Batting: RHB Ulysse Bélisle
|
0-0: Ball 1-0: Foul Ball, location: 2F 1-1: Foul Ball, location: 2F 1-2: Fly out, F3 (Popup, 3F)
|
Bottom of the 2nd over - 1 run(s), 1 hit(s), 0 error(s), 0 left on base; Birmingham 3 - Wisconsin 1 |
TOP OF THE 3RD |
Birmingham Barons batting - Pitching for Wisconsin Timber Rattlers : LHP Jamie Lawson
|
Batting: RHB Jean-Paul St-Pierre
|
0-0: Ball 1-0: Foul Ball, location: 2F 1-1: Called Strike 1-2: SOLO HOME RUN (Flyball, 78XD), Distance : 401 ft
|
Batting: RHB Eric Johnson
|
0-0: Foul Ball, location: 2F 0-1: Called Strike 0-2: Ball Reached via error on a dropped throw, E1
|
Batting: RHB Manny Sánchez
|
0-0: Swinging Strike 0-1: Called Strike 0-2: Ball 1-2: Foul Ball, location: 2F 1-2: Strikes out looking
|
Batting: RHB Júlio Pacheco
|
0-0: Ball 1-0: Called Strike 1-1: Ball 2-1: Foul Ball, location: 2F 2-2: Fly out, F8 (Flyball, 8RD)
|
Batting: RHB Ingo Backx
|
0-0: Called Strike 0-1: Fly out, F8 (Flyball, 8LS)
|
Top of the 3rd over - 1 run(s), 1 hit(s), 1 error(s), 1 left on base; Birmingham 4 - Wisconsin 1 |
BOTTOM OF THE 3RD |
Wisconsin Timber Rattlers batting - Pitching for Birmingham Barons : RHP Jorge Salazar
|
Batting: RHB Joseph Stone
|
0-0: Called Strike 0-1: Called Strike 0-2: Strikes out swinging
|
Batting: LHB Marv Walker
|
0-0: Called Strike 0-1: Fly out, F7 (Flyball, 7LM)
|
Batting: RHB Koin Tanaka
|
0-0: Ball 1-0: Swinging Strike 1-1: Called Strike 1-2: Ball 2-2: SINGLE (Groundball, 5L)
|
Batting: RHB Murdoch Norton
|
0-0: Foul Ball, location: 2F 0-1: Ball 1-1: Ball 2-1: Called Strike 2-2: Ball 3-2: Foul Ball, location: 2F 3-2: Base on Balls Koin Tanaka to second
|
Batting: RHB Alfredo Padilla
|
0-0: Fly out, F9 (Flyball, 9LS)
|
Bottom of the 3rd over - 0 run(s), 1 hit(s), 0 error(s), 2 left on base; Birmingham 4 - Wisconsin 1 |
TOP OF THE 4TH |
Birmingham Barons batting - Pitching for Wisconsin Timber Rattlers : LHP Jamie Lawson
|
Batting: RHB Juan Jiménez
|
0-0: Ball 1-0: Ball 2-0: Foul Ball, location: 2F 2-1: Ball 3-1: Foul Ball, location: 2F 3-2: Base on Balls
|
Batting: RHB David Raymos
|
0-0: Ball 1-0: Foul Ball, location: 2F 1-1: Foul Ball, location: 2F 1-2: Strikes out looking
|
Pitching: RHP Jonas Malaret
|
|
Batting: SHB Anastasio Ortíz
|
0-0: Ball 1-0: Swinging Strike 1-1: Ball 2-1: Swinging Strike 2-2: Ball 3-2: Ground out U3 (Groundball, 3S) Juan Jiménez to second
|
Batting: LHB John Haney
|
0-0: Ball 1-0: Ball 2-0: Ball 3-0: Base on Balls
|
Batting: RHB Jean-Paul St-Pierre
|
0-0: Ball 1-0: Ball 2-0: Called Strike 2-1: Swinging Strike 2-2: Fly out, F2 (Popup, 2RF)
|
Top of the 4th over - 0 run(s), 0 hit(s), 0 error(s), 2 left on base; Birmingham 4 - Wisconsin 1 |
BOTTOM OF THE 4TH |
Wisconsin Timber Rattlers batting - Pitching for Birmingham Barons : RHP Jorge Salazar
|
Batting: LHB Tony Ortíz
|
0-0: Ball 1-0: Ball 2-0: Fly out, F4 (Popup, 4D)
|
Batting: RHB Vicente Vélez
|
0-0: Called Strike 0-1: SOLO HOME RUN (Flyball, 7LD), Distance : 332 ft
|
Batting: RHB António Pérez
|
0-0: Ball 1-0: Ball 2-0: Ball 3-0: Base on Balls
|
Batting: RHB Ulysse Bélisle
|
0-0: Ball 1-0: Foul Ball, location: 2F 1-1: Swinging Strike 1-2: Ball 2-2: SINGLE (Groundball, 34D) António Pérez to second Throwing error, E9 António Pérez scores Ulysse Bélisle to second
|
Batting: RHB Joseph Stone
|
0-0: Swinging Strike 0-1: Fly out, F4 (Popup, 4M)
|
Batting: LHB Marv Walker
|
0-0: Swinging Strike 0-1: Fly out, F8 (Flyball, 8RM)
|
Bottom of the 4th over - 2 run(s), 2 hit(s), 1 error(s), 1 left on base; Birmingham 4 - Wisconsin 3 |
TOP OF THE 5TH |
Birmingham Barons batting - Pitching for Wisconsin Timber Rattlers : RHP Jonas Malaret
|
Batting: RHB Eric Johnson
|
0-0: Ball 1-0: Ball 2-0: Called Strike 2-1: Ball 3-1: Base on Balls
|
Batting: RHB Manny Sánchez
|
0-0: Ball 1-0: Foul Ball, location: 2F 1-1: Ball 2-1: Swinging Strike 2-2: SINGLE (Flyball, 78M) Eric Johnson to second
|
Batting: RHB Júlio Pacheco
|
0-0: Ball 1-0: Ball 2-0: Swinging Strike 2-1: Ball 3-1: Base on Balls Eric Johnson to third Manny Sánchez to second
|
Batting: RHB Ingo Backx
|
0-0: Ball 1-0: SINGLE (Groundball, 6M) Eric Johnson scores Manny Sánchez to third Júlio Pacheco to second Runner from 3rd tries for Home, SAFE, throw made home Júlio Pacheco to third Ingo Backx to second
|
Batting: RHB Juan Jiménez
|
0-0: Foul Ball, location: 2F 0-1: Swinging Strike 0-2: Ball 1-2: Foul Ball, location: 2F 1-2: Strikes out looking
|
Batting: RHB David Raymos
|
0-0: Fly out, F1 (Popup, 23)
|
Batting: SHB Anastasio Ortíz
|
0-0: Ball 1-0: Swinging Strike 1-1: Ball 2-1: Foul Ball, location: 2F 2-2: Ball 3-2: Fly out, F8 (Flyball, 8LD)
|
Top of the 5th over - 2 run(s), 2 hit(s), 0 error(s), 2 left on base; Birmingham 6 - Wisconsin 3 |
BOTTOM OF THE 5TH |
Wisconsin Timber Rattlers batting - Pitching for Birmingham Barons : RHP Jorge Salazar
|
Batting: RHB Koin Tanaka
|
0-0: Ball 1-0: Ground out 1-3 (Groundball, 13S)
|
Batting: RHB Murdoch Norton
|
0-0: Foul Ball, location: 2F 0-1: Ball 1-1: Ball 2-1: Swinging Strike 2-2: Foul Ball, location: 2F 2-2: Foul Ball, location: 2F 2-2: Foul Ball, location: 2F 2-2: Foul Ball, location: 2F 2-2: Ground out 5-3 (Groundball, 5S)
|
Batting: RHB Alfredo Padilla
|
0-0: Ball 1-0: Called Strike 1-1: Ball 2-1: Swinging Strike 2-2: Strikes out swinging
|
Bottom of the 5th over - 0 run(s), 0 hit(s), 0 error(s), 0 left on base; Birmingham 6 - Wisconsin 3 |
TOP OF THE 6TH |
Birmingham Barons batting - Pitching for Wisconsin Timber Rattlers : RHP Jonas Malaret
|
Batting: LHB John Haney
|
0-0: Swinging Strike 0-1: Ball 1-1: Swinging Strike 1-2: Strikes out swinging
|
Batting: RHB Jean-Paul St-Pierre
|
0-0: Ball 1-0: Ball 2-0: Fly out, F9 (Flyball, 89S)
|
Batting: RHB Eric Johnson
|
0-0: Called Strike 0-1: Ball Error on foul ball, E5 1-2: Ball 2-2: Foul Ball, location: 2F 2-2: Foul Ball, location: 2F 2-2: Foul Ball, location: 2F 2-2: Fly out, F8 (Flyball, 8LD)
|
Top of the 6th over - 0 run(s), 0 hit(s), 1 error(s), 0 left on base; Birmingham 6 - Wisconsin 3 |
BOTTOM OF THE 6TH |
Wisconsin Timber Rattlers batting - Pitching for Birmingham Barons : RHP Jorge Salazar
|
Batting: LHB Tony Ortíz
|
0-0: Called Strike 0-1: Ball 1-1: Called Strike 1-2: Fly out, F7 (Flyball, 78M)
|
Batting: RHB Vicente Vélez
|
0-0: Called Strike 0-1: Ball 1-1: Called Strike 1-2: SINGLE (Groundball, 56D)
|
Batting: RHB António Pérez
|
0-0: Ball 1-0: Called Strike 1-1: SINGLE (Line Drive, 6D) Vicente Vélez to second
|
Batting: RHB Ulysse Bélisle
|
0-0: Ball 1-0: Called Strike 1-1: Foul Ball, location: 2F Balk! Vicente Vélez to third António Pérez to second 1-2: Foul Ball, location: 2F 1-2: Strikes out swinging
|
Batting: RHB Joseph Stone
|
0-0: Ball 1-0: Called Strike 1-1: Ball 2-1: Ball 3-1: Swinging Strike 3-2: SINGLE (Groundball, 5S) Vicente Vélez scores António Pérez to third António Pérez scores
|
Pitching: RHP Jim Hicks
|
|
Batting: LHB Marv Walker
|
0-0: Called Strike 0-1: Called Strike 0-2: Fly out, F7 (Flyball, 78XD)
|
Bottom of the 6th over - 2 run(s), 3 hit(s), 0 error(s), 1 left on base; Birmingham 6 - Wisconsin 5 |
TOP OF THE 7TH |
Birmingham Barons batting - Pitching for Wisconsin Timber Rattlers : RHP Jonas Malaret
|
Pitching: RHP Richard Hardin
|
|
Batting: RHB Manny Sánchez
|
0-0: Ball 1-0: Ball 2-0: Ball 3-0: Base on Balls
|
Batting: RHB Júlio Pacheco
|
0-0: Ball 1-0: Ball 2-0: Ball 3-0: Called Strike 3-1: Base on Balls Manny Sánchez to second
|
Pinch Hitting: LHB Marc May
|
0-0: Called Strike 0-1: Ball 1-1: Sac Bunt - play at first, batter OUT! 1-4 Manny Sánchez to third Júlio Pacheco to second
|
Pinch Hitting: RHB Raúl Soto
|
0-0: Intentional Walk
|
Batting: RHB David Raymos
|
0-0: Ball 1-0: Ball 2-0: Called Strike 2-1: Fielders Choice at 3rd, U5 (Groundball, 5L) Manny Sánchez scores Raúl Soto to second
|
Batting: SHB Anastasio Ortíz
|
0-0: Ball 1-0: Called Strike 1-1: Foul Ball, location: 2F 1-2: Strikes out swinging
|
Top of the 7th over - 1 run(s), 0 hit(s), 0 error(s), 2 left on base; Birmingham 7 - Wisconsin 5 |
BOTTOM OF THE 7TH |
Wisconsin Timber Rattlers batting - Pitching for Birmingham Barons : RHP Jim Hicks
|
Now at 2B: Andrew Curran
|
|
Now in LF: Raúl Soto
|
|
Batting: RHB Koin Tanaka
|
0-0: Called Strike 0-1: Fly out, F8 (Flyball, 8LS)
|
Batting: RHB Murdoch Norton
|
0-0: Called Strike 0-1: Ball 1-1: Fly out, F8 (Flyball, 8LM)
|
Batting: RHB Alfredo Padilla
|
0-0: Called Strike 0-1: Ball 1-1: Called Strike 1-2: Ball 2-2: Foul Ball, location: 2F 2-2: Strikes out swinging
|
Bottom of the 7th over - 0 run(s), 0 hit(s), 0 error(s), 0 left on base; Birmingham 7 - Wisconsin 5 |
TOP OF THE 8TH |
Birmingham Barons batting - Pitching for Wisconsin Timber Rattlers : RHP Richard Hardin
|
Batting: LHB John Haney
|
0-0: Ball 1-0: Ball 2-0: Swinging Strike 2-1: Ball 3-1: SINGLE (Flyball, 8RS)
|
Batting: RHB Jean-Paul St-Pierre
|
0-0: Ball 1-0: Swinging Strike 1-1: Ball 2-1: Ball 3-1: Base on Balls John Haney to second
|
Batting: RHB Eric Johnson
|
0-0: Ball 1-0: Ball 2-0: Foul Ball, location: 2F 2-1: Ball 3-1: Fly out, F8 (Flyball, 8RS)
|
Pitching: RHP Germán Arredondo
|
|
Batting: RHB Manny Sánchez
|
0-0: Called Strike 0-1: Foul Ball, location: 2F 0-2: Strikes out swinging
|
Batting: RHB Júlio Pacheco
|
0-0: Called Strike 0-1: Ball 1-1: Swinging Strike 1-2: Ball 2-2: Ball 3-2: Base on Balls John Haney to third Jean-Paul St-Pierre to second
|
Pinch Hitting: RHB Lorenzo Martínez
|
0-0: Foul Ball, location: 2F 0-1: Ball 1-1: Ball 2-1: Ball 3-1: Called Strike 3-2: SINGLE (Line Drive, 8RS) John Haney scores Jean-Paul St-Pierre to third Júlio Pacheco to second Jean-Paul St-Pierre scores Júlio Pacheco to third
|
Batting: RHB Raúl Soto
|
0-0: Swinging Strike 0-1: Ball 1-1: Ground out 6-3 (Groundball, 6)
|
Top of the 8th over - 2 run(s), 2 hit(s), 0 error(s), 2 left on base; Birmingham 9 - Wisconsin 5 |
BOTTOM OF THE 8TH |
Wisconsin Timber Rattlers batting - Pitching for Birmingham Barons : RHP Jim Hicks
|
Now at 2B: Leonel Mora
|
|
Batting: LHB Tony Ortíz
|
0-0: Called Strike 0-1: Called Strike 0-2: Strikes out looking
|
Batting: RHB Vicente Vélez
|
0-0: SINGLE (Line Drive, 56D)
|
Batting: RHB António Pérez
|
0-0: Foul Ball, location: 2F 0-1: Reached on error, E6 (Groundball, 6M) Vicente Vélez to second
|
Batting: RHB Ulysse Bélisle
|
0-0: Ball 1-0: SINGLE (Groundball, 5D) Vicente Vélez to third António Pérez to second
|
Batting: RHB Joseph Stone
|
0-0: Called Strike 0-1: Foul Ball, location: 2F 0-2: Strikes out looking
|
Pitching: LHP Manuel Soto
|
|
Batting: LHB Marv Walker
|
0-0: Called Strike 0-1: Ball 1-1: Called Strike 1-2: Foul Ball, location: 2F 1-2: Ball 2-2: Foul Ball, location: 2F 2-2: Ball 3-2: Base on Balls Vicente Vélez scores António Pérez to third Ulysse Bélisle to second
|
Pitching: RHP Pedro Valdés
|
|
Pinch Hitting: LHB Aroghetto Dionisotti
|
0-0: Ball 1-0: Ball 2-0: SINGLE (Flyball, 6MD) António Pérez scores Ulysse Bélisle to third Marv Walker to second Runner from 3rd tries for Home, SAFE, throw made home Marv Walker to third Aroghetto Dionisotti to second
|
Batting: RHB Murdoch Norton
|
0-0: Called Strike 0-1: Ball 1-1: Ball 2-1: Swinging Strike 2-2: Strikes out looking
|
Bottom of the 8th over - 3 run(s), 3 hit(s), 1 error(s), 2 left on base; Birmingham 9 - Wisconsin 8 |
TOP OF THE 9TH |
Birmingham Barons batting - Pitching for Wisconsin Timber Rattlers : RHP Germán Arredondo
|
Now at SS: Emílio Carrillo
|
|
Batting: RHB David Raymos
|
0-0: Foul Ball, location: 2F 0-1: Called Strike 0-2: Foul Ball, location: 2F 0-2: Fly out, F9 (Flyball, 9M)
|
Batting: SHB Anastasio Ortíz
|
0-0: Ball 1-0: Foul Ball, location: 2F 1-1: Ball 2-1: Ball 3-1: Base on Balls
|
Batting: LHB John Haney
|
0-0: Ball 1-0: Grounds into double play, 1-4-3 (Groundball, 15)
|
Top of the 9th over - 0 run(s), 0 hit(s), 0 error(s), 0 left on base; Birmingham 9 - Wisconsin 8 |
BOTTOM OF THE 9TH |
Wisconsin Timber Rattlers batting - Pitching for Birmingham Barons : RHP Pedro Valdés
|
Pitching: LHP Richard Simpson
|
|
Now at SS: Vicente Elías
|
|
Pinch Hitting: RHB Chris Walker
|
0-0: Called Strike 0-1: Foul Ball, location: 2F 0-2: Ball 1-2: Ball 2-2: Strikes out swinging
|
Pinch Hitting: RHB Spencer Johnston
|
0-0: Swinging Strike 0-1: Swinging Strike 0-2: Ball 1-2: Foul Ball, location: 2F 1-2: Strikes out looking
|
Batting: RHB Vicente Vélez
|
0-0: Foul Ball, location: 2F 0-1: Foul Ball, location: 2F 0-2: Strikes out swinging
|
Bottom of the 9th over - 0 run(s), 0 hit(s), 0 error(s), 0 left on base; Birmingham 9 - Wisconsin 8 |
|